 Dungeon Crawl Stone Soup version 0.30.1-11-g7821555f0a (webtiles) character file.

Game seed: 14307471598098268325

13213 booth the Grappler (level 11, -9/112 (117) HPs)
             Began as a Troll Transmuter on Nov 19, 2023.
             Was a Priest of Ru.
             Mangled by a red ugly thing (22 damage)
             ... on level 11 of the Dungeon on Nov 20, 2023.
             The game lasted 01:27:31 (12249 turns).

booth the Grappler (Troll Transmuter)              Turns: 12249, Time: 01:27:32

HP:   -9/112 (117)  AC: 10    Str: 22    XL:     11   Next: 72%
MP:   11/11         EV: 10    Int: 11    God:    Ru [***...]
Gold: 737           SH:  0    Dex: 10    Spells: 7/13 levels left

rFire   . .          .
                       - Unarmed
rCold   . . .        (no shield)
rNeg    . . .        C - +0 acid dragon scales
rPois   +            w - +2 hat
rElec   .            (no cloak)
rCorr   +            (gloves unavailable)
SInv    .            (boots unavailable)
Will    +....        (no amulet)
Stlth   +            g - ring of willpower
HPRegen 1.18/turn    j - ring of poison resistance
MPRegen 0.12/turn

%: no passive effects
@: exhausted, lightly drained
A: large, unfitting armour, claws 3, regeneration 1, shaggy fur 1, tough skin 1,
inability to use devices, missing an eye, low MP 1, passive freeze
a: Renounce Religion, Draw Out Power


You were on level 11 of the Dungeon.
You worshipped Ru.
Ru was most pleased with you.
You visited 2 branches of the dungeon, and saw 12 of its levels.

You collected 737 gold pieces.

Inventory:

Hand Weapons
 m - a +0 dagger of draining
 n - a +1 heavy war axe
 o - a +2 mace of protection
 u - a +0 dire flail of holy wrath
Missiles
 h - 34 poisoned darts
 k - 3 silver javelins
 q - a boomerang (quivered)
Armour
 w - a +2 hat (worn)
 y - the +1 robe of the Morning Star {MP+9}
   (You took it off a kobold on level 9 of the Dungeon)

   MP:        It affects your magic capacity (+9).
 C - +0 acid dragon scales (worn)
Jewellery
 g - a ring of willpower (left claw)
 i - a +6 ring of dexterity
 j - a ring of poison resistance (right claw)
 x - a +6 ring of intelligence
 D - a +6 ring of intelligence
Scrolls
 c - 2 scrolls of magic mapping
 d - 3 scrolls of amnesia
 e - 3 scrolls of fog
 l - 2 scrolls of teleportation
 v - 3 scrolls of fear
 z - a scroll of torment
 B - a scroll of summoning {unknown}
Potions
 a - 2 potions of might
 b - 3 potions of lignification
 f - a potion of invisibility
 p - 6 potions of curing
 r - a potion of magic
 s - 2 potions of mutation
 t - 2 potions of brilliance
 A - a potion of flight


   Skills:
 * Level 9.7 Fighting
 + Level 6.4 Maces & Flails
 - Level 5.4 Dodging
 * Level 12.0 Unarmed Combat
 - Level 1.5 Spellcasting
 - Level 2.0 Transmutations


You had 7 spell levels left.
You knew the following spells:

 Your Spells              Type           Power      Damage    Failure   Level
a - Beastly Appendage     Tmut           10%        N/A       17%         1
b - Wereblood             Tmut           5%         N/A       26%         2
c - Spider Form           Tmut/Pois      3%         N/A       58%         3

Your spell library contained the following spells:

 Spells                   Type           Power      Damage    Failure   Level
 Magic Dart               Conj           0%         1d3       36%         1
 Call Imp                 Summ           0%         N/A       52%         2
 Ensorcelled Hibernation  Hex/Ice        0%         N/A       52%         2
 Lesser Beckoning         Tloc           0%         N/A       52%         2
 Gell's Gravitas          Tloc           0%         N/A       75%         3
 Mephitic Cloud           Conj/Pois/Air  0%         N/A       75%         3
 Teleport Other           Tloc           0%         N/A       75%         3
 Ice Form                 Ice/Tmut       3%         N/A       94%         4
 Anguish                  Hex/Necr       0%         N/A       98%         4
 Animate Dead             Necr           0%         N/A       98%         4
 Leda's Liquefaction      Hex/Erth       0%         N/A       98%         4
 Borgnjor's Vile Clutch   Necr/Erth      0%         N/A       100%        5
 Lee's Rapid Deconstruct  Erth           0%         3d4*      100%        5
 Death Channel            Necr           0%         N/A       100%        6
 Statue Form              Tmut/Erth      2%         N/A       100%        6


Dungeon Overview and Level Annotations

Branches:
Dungeon (11/15)            Temple (1/1) D:6             Orc (0/2) D:9
   Lair: D:8-11

Altars:
Ashenzari
Cheibriados
Dithmenos
Elyvilon
Fedhas
Gozag
Hepliaklqana
Kikubaaqudgha
Makhleb
Nemelex Xobeh
Okawaru
Qazlal
Ru
Sif Muna
Trog
Uskayaw
Vehumet
Wu Jian
Xom
Yredelemnul
Zin
The Shining One

Shops:
D:3 (

Portals:
Trove: D:10 (give 6 scrolls of blinking)

Annotations:
D:8 1 runed translucent door, Mig's ghost, novice GnFi
D:11 Lodul


Innate Abilities, Weirdness & Mutations

You are too large for most types of armour.
You have claws for hands.
Your natural rate of healing is unusually fast.
You are covered in fur. (AC +1)
You have tough skin. (AC +1)
You cannot study or use magical devices.
You are missing an eye, making it more difficult to aim.
Your magical capacity is low. (-10% MP)
A frigid envelope surrounds you and freezes all who hurt you.


Message History

The red ugly thing is very cold.
The red ugly thing is moderately wounded.
You closely miss the red ugly thing. You claw the red ugly thing.
The red ugly thing is moderately wounded.
You barely miss the red ugly thing. Your claw misses the red ugly thing.
The red ugly thing is moderately wounded.
The red ugly thing barely misses you.
The orc wizard gestures wildly while chanting.
The orc wizard flickers and vanishes!
Deactivating autopickup; reactivate with Ctrl-A.
The gnoll sergeant hits you from afar with a +4 heavy spear.
You closely miss the red ugly thing.
The red ugly thing is moderately wounded.
The red ugly thing claws you!
You are engulfed in flames!
* * * LOW HITPOINT WARNING * * *
The red ugly thing is very cold.
The red ugly thing is heavily wounded.
You focus your inner power and illuminate the red ugly thing in retribution!
You mangle the red ugly thing!!
The red ugly thing is almost dead.
The gnoll sergeant completely misses you.
The red ugly thing claws you but does no damage.
The red ugly thing is very cold.
The red ugly thing is almost dead.
You scratch the red ugly thing but do no damage.
The red ugly thing is almost dead.
The red ugly thing claws you.
* * * LOW HITPOINT WARNING * * *
You are engulfed in flames!
* * * LOW HITPOINT WARNING * * *
The red ugly thing is very cold.
The red ugly thing is almost dead.
You are restored by drawing out deep reserves of power within.
You feel drained.
The gnoll sergeant hits you from afar with a +4 heavy spear.
* * * LOW HITPOINT WARNING * * *
The red ugly thing claws you!
* * * LOW HITPOINT WARNING * * *
You are engulfed in flames!!
You die...

.. ### ... ..
u.##.## ....# #..#
##)# #.. #)g# ..#
##u## #.. ..#.@.#
#.## ##.##..# #..
..#...#
#.######'##..#
##..#.#.#.#...#
##.............#
#.)##.......#..#
###.###.........##
##...# #....†..###


You could see a red ugly thing (corona) and a gnoll sergeant.

Vanquished Creatures
  Snorg (D:11)
  A hydra (D:11)
  2 boulder beetles (D:11)
  A deep elf zephyrmancer (D:10)
  Pikel (D:8)
  A deep elf pyromancer (D:10)
  2 gargoyles (D:11)
  A kobold demonologist (D:11)
  A hornet (D:8)
  A troll (D:10)
  A vampire (D:10)
  3 shadows
  4 yaks
  Grum (D:11)
  A wyvern (D:9)
  2 wraiths (D:11)
  2 steam dragons
  A vampire mosquito (D:11)
  2 wargs (D:9)
  Menkaure (D:5)
  Edmund (D:5)
  A floating eye (D:11)
  A swamp drake (D:10)
  9 orc warriors
  A black bear (D:7)
  3 ice beasts
  3 wolves (D:11)
  6 centaurs
  A lemure (D:8)
  A phantom (D:6)
  A kobold brigand (D:9)
  Blork the orc (D:4)
  6 bullfrogs
  3 scorpions
  A gnoll sergeant (D:7)
  16 wights
  16 killer bees
  5 howler monkeys
  7 crimson imps
  A jelly (D:5)
  A gnoll bouda (D:6)
  3 orc priests
  4 hounds
  An iron imp (D:10)
  2 iguanas
  7 orc wizards
  13 gnolls
  7 adders
  2 shadow imps
  5 white imps
  An ufetubus (D:5)
  4 dart slugs
  44 orcs
  3 bats (D:3)
  5 endoplasms
  3 giant cockroaches
  8 goblins
  12 hobgoblins
  9 jackals
  14 kobolds
  3 quokkas (D:1)
  6 ball pythons
  4 frilled lizards
  7 rats
282 creatures vanquished.

Vanquished Creatures (others)
  An acid dragon (D:11)
  A centaur (D:11)
2 creatures vanquished.

Grand Total: 284 creatures vanquished

Notes
Turn   | Place    | Note
-------+----------+-------------------------------------------
     0 | D:1      | booth the Troll Transmuter began the quest for the Orb.
     0 | D:1      | Reached XP level 1. HP: 18/18 MP: 1/1
   240 | D:1      | Reached XP level 2. HP: 26/26 MP: 2/2
   313 | D:1      | Reached skill level 1 in Fighting
   527 | D:1      | Learned a level 2 spell: Wereblood
   887 | D:2      | Reached XP level 3. HP: 28/33 MP: 2/4
  1296 | D:2      | Reached XP level 4. HP: 40/41 MP: 3/5
  1301 | D:2      | Learned a level 3 spell: Spider Form
  1814 | D:3      | Found Murint's Weapon Emporium.
  2035 | D:3      | Reached skill level 4 in Unarmed Combat
  2433 | D:4      | Noticed Blork the orc
  2496 | D:4      | Noticed a scorpion
  2504 | D:4      | Killed a scorpion
  2505 | D:4      | Reached XP level 5. HP: 49/49 MP: 4/6
  2946 | D:4      | Reached XP level 6. HP: 59/59 MP: 7/7
  3248 | D:4      | Gained mutation: Your magical capacity is low. (-10% MP)
                  | [potion of mutation]
  3248 | D:4      | Gained mutation: You occasionally lose the ability to drink
                  | potions when taking damage. [potion of mutation]
  3248 | D:4      | Lost mutation: You occasionally lose the ability to drink
                  | potions when taking damage. [potion of mutation]
  3248 | D:4      | Gained mutation: A frigid envelope surrounds you and
                  | freezes all who hurt you. [potion of mutation]
  3260 | D:4      | Killed Blork the orc
  3261 | D:4      | Reached skill level 5 in Unarmed Combat
  3291 | D:5      | Entered Level 5 of the Dungeon
  3403 | D:5      | Found a shadowy altar of Dithmenos.
  3590 | D:5      | Reached XP level 7. HP: 62/67 MP: 7/7
  3721 | D:5      | Found a burning altar of Makhleb.
  3750 | D:5      | Noticed Menkaure
  3760 | D:5      | Killed Menkaure
  3811 | D:5      | Noticed Edmund
  3822 | D:5      | Killed Edmund
  3823 | D:5      | Reached skill level 6 in Unarmed Combat
  4883 | D:6      | Reached XP level 8. HP: 66/79 MP: 6/8
  4907 | D:6      | Reached skill level 1 in Maces & Flails
  5044 | D:6      | Found a staircase to the Ecumenical Temple.
  5072 | Temple   | Entered the Ecumenical Temple
  5213 | Temple   | Became a worshipper of Ru the Awakened
  5376 | D:6      | Reached skill level 7 in Unarmed Combat
  5419 | D:6      | Reached skill level 5 in Fighting
  6120 | D:7      | Reached XP level 9. HP: 66/88 MP: 9/9
  6533 | D:7      | Reached skill level 8 in Unarmed Combat
  6827 | D:7      | Gained mutation: You cannot study or use magical devices.
                  | [Ru sacrifice]
  6827 | D:7      | Reached * piety under Ru
  6827 | D:7      | Reached ** piety under Ru
  7843 | D:8      | Found a glowing silver altar of Zin.
  7985 | D:8      | Reached skill level 5 in Dodging
  8021 | D:8      | Found a runed translucent door.
  8025 | D:8      | Noticed Mig's ghost (novice GnFi)
  8223 | D:8      | Reached skill level 9 in Unarmed Combat
  8361 | D:8      | Reached XP level 10. HP: 90/102 MP: 10/10
  8459 | D:8      | Noticed Pikel
  8468 | D:8      | Killed Pikel
  8991 | D:9      | Reached skill level 10 in Unarmed Combat
  9767 | D:9      | Found a staircase to the Orcish Mines.
  9782 | D:9      | Reached skill level 5 in Maces & Flails
  9795 | D:9      | Identified the +1 robe of the Morning Star {MP+9}
  9890 | D:9      | Gained mutation: You are missing an eye, making it more
                  | difficult to aim. [Ru sacrifice]
  9890 | D:9      | Reached *** piety under Ru
 10208 | D:10     | Entered Level 10 of the Dungeon
 10331 | D:10     | Found a portal to a secret trove of treasure.
 10425 | D:10     | Found a hazy altar of Hepliaklqana.
 10675 | D:10     | Noticed a deep elf zephyrmancer
 10698 | D:10     | Killed a deep elf zephyrmancer
 10700 | D:10     | Reached XP level 11. HP: 84/113 MP: 11/11
 10900 | D:10     | Noticed a deep elf pyromancer
 10906 | D:10     | Killed a deep elf pyromancer
 11153 | D:10     | Identified the +4 ring mail of the Constellations {MP+9
                  | Int+2}
 11214 | D:10     | Found an ancient bone altar of Kikubaaqudgha.
 11214 | D:10     | Found a glowing golden altar of the Shining One.
 11595 | D:11     | Reached skill level 11 in Unarmed Combat
 11636 | D:11     | Identified the +2 falchion "Kaeq" {flame, rElec rF+ Str+3
                  | Dex-4}
 11639 | D:11     | Noticed a boulder beetle
 11664 | D:11     | Killed a boulder beetle
 11709 | D:11     | Noticed a boulder beetle
 11732 | D:11     | Killed a boulder beetle
 11805 | D:11     | Noticed Snorg
 11813 | D:11     | Noticed Lodul
 11820 | D:11     | Killed Snorg
 11820 | D:11     | HP: 4/115 [Lodul/bolt of lightning (30)]
 11937 | D:11     | Noticed Grum
 11953 | D:11     | Killed Grum
 12034 | D:11     | Paralysed by a floating eye for 4 turns
 12173 | D:11     | Noticed a four-headed hydra
 12186 | D:11     | Killed a four-headed hydra
 12187 | D:11     | Reached skill level 12 in Unarmed Combat
 12192 | D:11     | Noticed a boulder beetle
 12231 | D:11     | Noticed a red ugly thing
 12249 | D:11     | Mangled by a red ugly thing

Illustrated notes

Levels and vault maps discovered:
D:1:      dpeg_arrival_brainrot, layout_basic
D:2:      layout_basic, kennysheep_generic_room_12
D:3:      layout_rooms, serial_shops, nicolae_diamond_shop, nicolae_eternal_life
D:4:      layout_cave_pools, kennysheep_generic_room_6, uniq_blork_the_orc
D:5:      layout_layer_cave, lemuel_crystal_altar, overflow_temple_1_default,
          uniq_edmund, uniq_menkaure
D:6:      layout_loops_corners, minmay_temple_entry_sparse_star, minivault_19
D:7:      layout_layer_cave, serial_glass, glass_columns_a, glass_columns_c,
          glass_columns_b, glass_columns_c
D:8:      layout_loops_cross, lemuel_coloured_pillars_altar,
          gammafunk_ghost_grave, minmay_nine_imps, uniq_pikel
D:9:      layout_basic, david_orc_1_choice, serial_glass, glass_columns_b,
          glass_columns_b
D:10:     layout_loops_cross, old_standard_altar,
          gammafunk_temple_overflow_statue, nicolae_trove_entry_crystal,
          dk_vineyard_1, hangedman_minor_magic
D:11:     layout_roguey, lair_entry_dummy, portal_ice_cave_entry_pillars_2,
          hangedman_decor_riveting, onia_ninara_cookie, uniq_lodul, uniq_grum,
          uniq_snorg
Temple:   regret_index_temple_sphere_string

Skill      XL: |  1  2  3  4  5  6  7  8  9 10 11 |
---------------+----------------------------------+-----
Fighting       | 1 2 3 4 5 7 8 9 |  9.7
Dodging        | 2 3 4 5 |  5.4
Transmutations | 2 |  2.0
Unarmed Combat | 4 5 6 7 9 10 12 | 12.0
Maces & Flails | 2 3 5 6 |  6.4
Spellcasting   | |  1.5

Action                     |  1- 3 |  4- 6 |  7- 9 | 10-12 || total
---------------------------+-------+-------+-------+-------++-------
  Melee: Unarmed           |    82 |   152 |   205 |   272 ||   711
         Kick              |     7 |     7 |    13 |       ||    27
         Headbutt          |     4 |     4 |     9 |       ||    17
         Punch             |       |     3 |     8 |    13 ||    24
         Dire flail        |       |       |       |     6 ||     6
  Throw: Javelin           |       |     5 |       |       ||     5
         Boomerang         |       |       |    41 |    48 ||    89
   Cast: Beastly Appendage |    10 |     7 |    18 |       ||    35
         Wereblood         |       |       |     5 |       ||     5
 Invoke: Sacrifice Artific |       |       |     1 |       ||     1
         Sacrifice an Eye  |       |       |       |     1 ||     1
         Draw Out Power    |       |       |       |     2 ||     2
    Use: Scroll            |     5 |     3 |     8 |     7 ||    23
         Potion            |       |     4 |       |       ||     4
   Stab: Sleeping          |       |     1 |       |       ||     1
 Armour: Robe              |    24 |    44 |    31 |    34 ||   133
         Acid dragon scale |       |       |       |    29 ||    29
  Dodge: Dodged            |    34 |    72 |    76 |   156 ||   338
